Map: [ESL] NeoHumanity

Players

LiquidElazer (Elazer)

  • Race: Zerg Zerg
  • League: Master
  • Spawn Location: 5:00

Clem - Winner!

  • Race: Terran Terran
  • League: Grandmaster
  • Spawn Location: 11:00

Event: HomeStory Cup XXIII

VOD

Have the link to the VOD?

Description

Time

  • Played on: July 1, 2023, 7 a.m.
  • Length: 13:22

All games in this series

Show
View Real Time Build Order
Export as new Build Order

LiquidElazer Zerg 

Build Orders: Hatch First 

Get SALT Encoding   

  12  0:00  Drone  
  13  0:12  Overlord  
  13  0:16  Drone  
  14  0:30  Drone x2  
  16  0:47  Hatchery  
  15  0:50  Drone  
  15  0:54  Drone  
  17  0:57  Drone  
  18  1:07  Extractor  
  17  1:12  Spawning Pool  
  17  1:15  Drone  
  17  1:18  Drone  
  18  1:27  Drone  
  19  1:38  Drone  
  20  1:48  Drone  
  21  1:59  Queen x2  
  21  2:00  Zergling x4  
  27  2:10  Drone  
  27  2:12  Metabolic Boost  
  27  2:13  Overlord  
  28  2:33  Drone x4  
  31  2:37  Queen  
  31  2:43  Overlord  
  33  2:47  Drone  
  34  2:51  Hatchery  
  34  2:54  Drone  
  34  2:55  Drone  
  35  3:04  Overlord  
  35  3:05  Drone  
  35  3:07  Drone x3  
  35  3:12  Queen  
  41  3:18  Queen  
  43  3:25  Drone x2  
  45  3:27  Zergling x4  
  47  3:35  Drone  
  47  3:37  Overlord  
  47  3:40  Drone x2  
  50  3:49  Drone  
  50  3:52  Overlord  
  50  3:55  Queen  
  51  3:56  Drone x2  
  55  4:02  Queen  
  55  4:03  Overlord  
  55  4:05  Drone x2  
  59  4:13  Drone  
  62  4:17  Drone x2  
  62  4:21  Drone x2  
  62  4:22  Drone  
  62  4:23  Lair  
  65  4:24  Overlord  
  65  4:26  Drone  
  65  4:31  Queen  
  66  4:35  Zergling x2  
  66  4:36  Overlord, Zergling x2  
  66  4:37  Zergling x4  
  72  4:44  Queen  
  74  4:46  Overlord  
  74  4:49  Drone x2  
  74  4:50  Drone  
  77  4:53  Hatchery, Spore Crawler  
  77  4:54  Extractor, Spore Crawler  
  77  4:56  Spore Crawler  
  77  4:59  Drone x4  
  76  5:05  Drone x3  
  79  5:11  Overlord  
  79  5:14  Drone x2, Baneling Nest  
  79  5:15  Drone  
  79  5:16  Extractor, Drone x3  
  83  5:21  Overseer  
  83  5:23  Overlord  
  83  5:24  Drone  
  83  5:26  Drone  
  85  5:32  Overlord  
  85  5:33  Overlord  
  85  5:34  Drone x2  
  87  5:35  Extractor  
  87  5:38  Drone x2  
  87  5:41  Hatchery  
  87  5:43  Overseer  
  87  5:46  Drone x6  
  93  5:55  Evolution Chamber  
  92  5:58  Evolution Chamber  
  92  5:59  Zergling x6  
  92  6:00  Centrifugal Hooks, Overlord  
  94  6:08  Zergling x12  
  100  6:13  Overlord  
  100  6:14  Zergling x8  
  104  6:23  Zergling x10  
  104  6:25  Zerg Ground Armor Level 1, Zerg Melee Weapons Level 1  
  109  6:28  Overlord  
  109  6:29  Drone x2  
  109  6:30  Spore Crawler  
  110  6:35  Drone x2  
  112  6:41  Drone x4  
  116  6:51  Baneling  
  116  6:52  Baneling x10  
  116  6:53  Zergling x20  
  126  6:55  Overlord  
  126  7:00  Hydralisk Den  
  125  7:03  Zergling x2  
  125  7:06  Overlord, Drone  
  125  7:07  Drone x3  
  130  7:12  Zergling x6  
  133  7:17  Zergling x14  
  133  7:21  Overlord  
  135  7:23  Overlord  
  135  7:27  Hatchery  
  135  7:28  Zergling x10  
  139  7:31  Muscular Augments  
  139  7:33  Zergling x10  
  144  7:38  Baneling x9  
  144  7:42  Zergling x12  
  150  7:50  Zergling x12  
  155  7:55  Hydralisk x8  
  170  8:03  Hydralisk  
  170  8:04  Overlord  
  172  8:07  Zergling x12  
  175  8:25  Zergling x22  
  165  8:30  Hydralisk x6  
  165  8:33  Zergling x12  
  171  8:35  Baneling x3  
  171  8:39  Zergling x12  
  169  8:49  Hatchery, Zergling x2  
  169  8:50  Zergling x8  
  169  8:52  Baneling x5  
  161  8:57  Zergling x2  
  161  8:58  Zergling x22  
  161  9:02  Zergling x2  
  142  9:10  Zergling x8  
  142  9:19  Queen x2, Baneling x7  
  142  9:21  Zergling x20  
  150  9:25  Grooved Spines  
  150  9:26  Zergling x14  
  150  9:27  Zergling x2  
  150  9:33  Zergling x2  
  150  9:34  Zergling x8  
  137  9:40  Overseer  
  137  9:41  Zergling x2  
  137  9:42  Zergling x4  
  131  9:45  Zerg Ground Armor Level 2  
  131  9:50  Zerg Missile Weapons Level 1  
  131  9:56  Hydralisk  
  131  9:57  Zergling x20  
  142  10:00  Extractor  
  142  10:03  Hatchery  
  142  10:04  Baneling x5  
  138  10:08  Zergling x10  
  136  10:15  Zergling x8  
  136  10:16  Queen  
  136  10:17  Queen  
  136  10:23  Zergling x8  
  130  10:29  Baneling x11  
  130  10:31  Zergling x16  
  129  10:39  Hydralisk x2  
  129  10:41  Zergling x12  
  136  10:46  Zergling x12  
  135  10:53  Zergling x4  
  119  10:59  Hydralisk x4  
  119  11:01  Zergling x2  
  119  11:02  Baneling x2  
  126  11:09  Zergling x12  
  130  11:17  Zergling x18  
  120  11:20  Overseer  
  120  11:23  Zergling x8  
  123  11:26  Hydralisk x2  
  123  11:28  Overseer  
  127  11:40  Hydralisk x4  
  127  11:47  Zergling x26  
  120  11:49  Zergling x2  
  120  11:51  Burrow  
  126  12:00  Zergling x2  
  126  12:01  Zergling x8  
  129  12:02  Baneling x3  
  129  12:17  Baneling x5  
  129  12:18  Zergling x22  
  139  12:23  Unknown  
  139  12:26  Baneling x4  
  139  12:27  Drone x3  
  141  12:30  Drone x3  
  139  12:38  Hatchery  
  139  12:43  Zergling x2  
  139  12:44  Zergling x14  
  124  12:52  Hydralisk x4  
  124  12:54  Overseer  
  126  12:59  Overlord  
  136  13:06  Drone  
Show
View Real Time Build Order
Export as new Build Order

Clem Terran - Winner!

Build Orders: Reaper Expand, Hellion Banshee 

Get SALT Encoding   

  12  0:00  SCV  
  13  0:12  SCV  
  14  0:17  Supply Depot  
  14  0:24  SCV  
  15  0:38  SCV  
  15  0:40  Barracks  
  16  0:43  Refinery  
  16  0:50  SCV  
  17  1:02  SCV  
  18  1:14  SCV  
  19  1:26  Reaper  
  19  1:27  Orbital Command  
  20  1:38  Command Center  
  20  1:46  Supply Depot  
  20  1:52  SCV  
  21  1:58  Marine  
  22  2:04  SCV  
  23  2:09  Factory  
  23  2:16  SCV  
  23  2:20  Barracks Reactor  
  24  2:28  SCV  
  25  2:40  SCV, Command Center  
  26  2:50  Orbital Command  
  26  2:53  SCV  
  27  2:59  Starport  
  27  3:01  Refinery  
  27  3:08  Hellion  
  27  3:11  Hellion  
  31  3:13  SCV  
  31  3:16  SCV  
  31  3:19  Barracks Tech Lab  
  33  3:25  SCV  
  34  3:28  SCV  
  34  3:30  Hellion  
  34  3:33  Hellion  
  39  3:37  SCV  
  39  3:40  SCV  
  39  3:41  Banshee  
  41  3:43  Marine  
  45  3:50  SCV  
  45  3:52  Orbital Command  
  45  3:54  SCV  
  45  3:55  Cloaking Field  
  47  4:02  Hellion x2  
  51  4:07  SCV  
  51  4:08  SCV, Supply Depot  
  53  4:10  Barracks Tech Lab  
  53  4:18  SCV  
  53  4:19  SCV  
  53  4:20  SCV  
  53  4:24  Banshee  
  56  4:27  Barracks  
  56  4:30  SCV  
  60  4:32  Barracks  
  60  4:33  SCV  
  60  4:35  Marine, SCV  
  60  4:36  Factory Reactor  
  63  4:38  Supply Depot  
  63  4:42  Stimpack  
  63  4:43  SCV  
  64  4:45  SCV  
  64  4:47  SCV  
  64  4:49  Refinery  
  66  4:53  Marine  
  66  4:54  Refinery  
  66  4:55  Engineering Bay  
  66  4:59  Orbital Command, SCV, Engineering Bay  
  69  5:02  Supply Depot  
  69  5:03  SCV  
  69  5:10  Marine  
  69  5:11  SCV, Supply Depot  
  71  5:15  Marine  
  71  5:16  Marine, SCV  
  71  5:20  Barracks  
  71  5:21  Barracks  
  74  5:23  SCV  
  74  5:24  Starport Reactor  
  74  5:25  SCV  
  74  5:28  Marine  
  76  5:30  Marine  
  76  5:31  Marine  
  76  5:33  Siege Tank, Supply Depot  
  76  5:34  SCV  
  81  5:38  SCV  
  81  5:42  SCV, Supply Depot  
  83  5:45  Marine  
  83  5:46  SCV  
  83  5:47  Marine  
  83  5:48  Marine  
  87  5:50  SCV, Marine  
  87  5:52  Marine  
  87  5:54  SCV  
  91  6:01  Supply Depot  
  91  6:02  Medivac x2  
  91  6:03  Marine  
  96  6:04  Terran Infantry Weapons Level 1  
  96  6:06  Terran Infantry Armor Level 1  
  96  6:07  SCV  
  96  6:08  SCV  
  96  6:09  SCV  
  96  6:10  Barracks Reactor  
  99  6:12  Barracks Reactor  
  99  6:14  Marine, Supply Depot  
  99  6:15  Marine  
  99  6:16  Marine  
  102  6:22  SCV x2, Marine x2  
  102  6:23  Supply Depot  
  102  6:24  SCV  
  107  6:32  Marine, Siege Tank  
  111  6:34  SCV, Refinery  
  111  6:35  Factory  
  111  6:38  SCV  
  113  6:40  Marine  
  113  6:41  Marine x3, Supply Depot  
  113  6:44  SCV  
  113  6:46  SCV  
  119  6:47  Supply Depot  
  119  6:50  Marine x5  
  119  6:52  SCV  
  119  6:53  Combat Shield  
  125  6:58  Marine x2  
  125  7:00  Supply Depot  
  127  7:01  Medivac x2  
  127  7:02  Marine  
  127  7:06  Marine  
  133  7:09  Siege Tank  
  133  7:13  Missile Turret  
  136  7:17  Marine x2  
  136  7:18  Command Center  
  136  7:20  Marine x2  
  139  7:23  Factory Reactor  
  139  7:27  Marine, Armory  
  139  7:29  Marine  
  141  7:30  Supply Depot  
  141  7:31  Medivac  
  141  7:33  Medivac  
  145  7:37  Marine x2  
  145  7:38  Marine x2  
  145  7:39  Marine x2  
  145  7:43  Supply Depot  
  151  7:45  Siege Tank  
  151  7:46  Marine  
  151  7:48  Marine  
  151  7:49  Marine  
  156  7:55  Marine x2  
  156  7:56  Marine x2  
  160  7:59  Supply Depot  
  160  8:01  Widow Mine x2  
  160  8:05  Medivac  
  166  8:06  Marine  
  166  8:09  Marine  
  165  8:13  Medivac  
  165  8:15  SCV  
  165  8:17  Widow Mine, Marine  
  165  8:18  Marine, Sensor Tower  
  172  8:23  Widow Mine  
  172  8:25  Marine  
  167  8:29  Widow Mine, Marine  
  167  8:30  Marine  
  167  8:31  Marine  
  167  8:32  Marine x2  
  171  8:35  Medivac  
  171  8:36  SCV x3  
  171  8:37  Marine  
  171  8:38  Marine  
  171  8:39  Widow Mine, Marine  
  171  8:40  Supply Depot  
  181  8:43  Marine, Medivac  
  181  8:44  Widow Mine  
  181  8:47  Marine  
  181  8:48  Marine  
  180  8:49  Marine  
  180  8:50  Marine  
  180  8:51  Marine  
  180  8:54  Widow Mine  
  183  8:55  Marine  
  183  9:00  Widow Mine  
  183  9:01  Marine x2  
  183  9:02  Marine  
  165  9:04  Marine  
  165  9:05  SCV x2, Medivac  
  165  9:08  SCV  
  165  9:09  Widow Mine  
  160  9:10  Planetary Fortress  
  160  9:13  Medivac  
  160  9:15  Widow Mine, Marine x2  
  160  9:16  Marine  
  166  9:17  SCV  
  166  9:18  Marine  
  166  9:19  Marine  
  166  9:20  Marine  
  166  9:21  Widow Mine  
  166  9:23  Marine x3  
  174  9:25  SCV  
  174  9:30  Widow Mine  
  175  9:31  Drilling Claws  
  175  9:33  Marine  
  175  9:35  Marine  
  175  9:37  Widow Mine  
  163  9:38  Marine  
  163  9:39  Marine  
  163  9:40  Marine  
  163  9:42  Marine x3  
  163  9:43  SCV  
  163  9:44  Marine  
  167  9:49  Barracks x3  
  167  9:50  Terran Infantry Weapons Level 2  
  167  9:51  Marine  
  168  9:53  Terran Infantry Armor Level 2  
  168  9:57  Marine  
  163  10:02  Widow Mine, Marine  
  163  10:03  Widow Mine  
  163  10:05  Liberator x2, Marine x2  
  163  10:06  Marine  
  173  10:08  Widow Mine, Marauder, Marine x2  
  173  10:11  Marine  
  168  10:15  Marine  
  168  10:20  Marine  
  167  10:22  Command Center  
  167  10:23  Widow Mine, Marine  
  162  10:29  Widow Mine, Marine x2  
  162  10:30  Marine  
  162  10:31  Marine, SCV  
  162  10:32  SCV  
  163  10:36  Widow Mine, Marine  
  163  10:38  Marine x4  
  163  10:39  Barracks Tech Lab  
  163  10:40  Marauder  
  163  10:41  Marine  
  167  10:46  Terran Vehicle And Ship Armor Level 1  
  165  10:53  Widow Mine, Marine x2  
  165  10:54  SCV  
  165  10:56  Marine x2  
  165  10:57  Marine x2  
  168  10:58  Marauder  
  168  10:59  Marine x2  
  168  11:01  Widow Mine  
  168  11:02  Marauder, Concussive Shells  
  178  11:07  Widow Mine  
  178  11:08  Marine x2  
  182  11:15  Widow Mine, Marine x2  
  182  11:16  Marine, Medivac  
  182  11:17  Marine x4  
  181  11:19  Marauder  
  181  11:20  Marine  
  181  11:23  Marauder  
  181  11:24  Widow Mine  
  181  11:26  Marine x2  
  181  11:33  Marine x2, Medivac  
  181  11:34  Widow Mine, Marine  
  181  11:36  Marine  
  181  11:37  Hellion  
  184  11:45  Marine x3  
  184  11:46  Widow Mine  
  170  11:47  Medivac  
  170  11:49  Marine  
  170  11:50  Marine  
  170  11:51  Marine  
  165  11:56  Widow Mine, Ghost Academy  
  165  11:57  Marine x3, Marauder x2  
  165  11:58  Widow Mine, Marine  
  177  12:02  Refinery  
  177  12:03  SCV x2  
  177  12:05  SCV  
  177  12:07  Widow Mine  
  178  12:08  Marine  
  178  12:09  Marine x2  
  181  12:17  Widow Mine  
  181  12:19  Widow Mine, Marauder x2  
  189  12:23  Marine x2  
  189  12:28  Widow Mine, Marine  
  194  12:30  Marine  
  194  12:32  Marine  
  187  12:38  Widow Mine  
  187  12:40  Marauder x2  
  187  12:41  Widow Mine  
  180  12:48  Marine x2  
  180  12:50  Widow Mine  
  175  12:53  Unknown  
  175  12:56  Marine  
  175  12:57  SCV x2  
  178  12:59  SCV  
  178  13:00  Widow Mine  
  186  13:14  Barracks Tech Lab x2  
  186  13:17  Refinery  
  188  13:18  Command Center, Refinery  
  188  13:20  Command Center  
Tags
 
Add a new tag
Caveats
  • Supply blocks, unpowered buildings, or Contaminate may cause inaccurate times.
  • Supply counts are checked every 10 seconds.